 Dungeon Crawl Stone Soup version 0.24.0-35-gdb84b6a5db (webtiles) character file.

Game seed: 5142690276543090550, levelgen mode: deterministic

9809 Delamore the Bludgeoner (level 11, -12/57 HPs)
             Began as a Gargoyle Gladiator on Nov 17, 2019.
             Was a High Priest of Okawaru.
             Mangled by a cyclops (20 damage)
             ... on level 11 of the Dungeon.
             The game lasted 00:20:31 (10730 turns).

Delamore the Bludgeoner (Gargoyle Gladiator)       Turns: 10730, Time: 00:20:31

Health: -12/57     AC: 29    Str: 23    XL:     11   Next: 52%
Magic:  11/11      EV:  7    Int: 11    God:    Okawaru [*****.]
Gold:   365        SH:  0    Dex: 11    Spells: 10/10 levels left

rFire    + . .     SeeInvis .   L - +2 morningstar (protect)
rCold    . . .     Gourm    .   (no shield)
rNeg     + . .     Faith    .   J - +0 plate armour
rPois    ∞         Spirit   .   c - +0 helmet
rElec    +         Reflect  .   F - +2 cloak {MR+}
rCorr    .         Harm     .   M - -1 pair of gloves "Esipp" {Str+2 Int+2} (curse)
MR       +....                  (no boots)
Stlth    ..........             e - amulet of magic regeneration
HPRegen  0.19/turn              v - ring of protection from fire
MPRegen  0.37/turn              x - +6 ring of slaying

@: protection aura
A: negative energy resistance 1, electricity resistance, unbreathing,
petrification resistance, rot immunity, AC +8
a: Heroism, Finesse, Renounce Religion


You were on level 11 of the Dungeon.
You worshipped Okawaru.
Okawaru was extremely pleased with you.
You were not hungry.

You visited 1 branch of the dungeon, and saw 11 of its levels.

You collected 507 gold pieces.
You spent 142 gold pieces at shops.

Inventory:

Hand Weapons
 L - a +2 morningstar of protection (weapon)
 R - a +3 dire flail of holy wrath
Missiles
 d - 3 throwing nets (quivered)
 w - 4 boomerangs of dispersal
 Q - 6 curare-tipped darts
Armour
 c - a +0 helmet (worn)
 F - a +2 cloak of magic resistance (worn)
 J - a +0 plate armour (worn)
 M - the cursed -1 pair of gloves "Esipp" (worn) {Str+2 Int+2}
   (You found it on level 8 of the Dungeon)

   It affects your strength (+2).
   It affects your intelligence (+2).
   It has a curse placed upon it.
Jewellery
 b - an uncursed ring of stealth
 e - an amulet of magic regeneration (around neck)
 v - a ring of protection from fire (left hand)
 x - a +6 ring of slaying (right hand)
Wands
 q - a wand of iceblast (17)
 y - a wand of flame (11)
 N - a wand of acid (11)
Scrolls
 h - 4 scrolls of enchant armour
 j - 2 scrolls of fog
 k - a scroll of fear
 o - 4 scrolls of teleportation
 s - 4 scrolls of amnesia
 t - 6 scrolls of blinking
 z - 3 scrolls of enchant weapon
 A - a scroll of immolation
 B - a scroll of noise
 C - a scroll of brand weapon
 G - a scroll of silence
 H - 4 scrolls of remove curse
 K - a scroll of summoning {unknown}
Potions
 a - a potion of degeneration {unknown}
 g - 2 potions of flight
 i - a potion of brilliance
 l - 2 potions of haste
 m - 3 potions of berserk rage
 n - a potion of heal wounds
 p - a potion of magic {unknown}
 r - 2 potions of lignification
 u - a potion of agility {unknown}
 D - 3 potions of curing {unknown}
 E - a potion of resistance {unknown}
 I - a potion of might
 O - a potion of ambrosia {unknown}
Comestibles
 f - 16 rations


   Skills:
 - Level 2.2 Fighting
 + Level 16.8 Maces & Flails
 - Level 1.7 Throwing
 - Level 2.4 Dodging


You had 10 spell levels left.
You didn't know any spells.
Your spell library contained the following spells:

 Spells                   Type           Power        Failure   Level  Hunger
 Freeze                   Ice            #...         100%        1    ##.....
 Sandblast                Erth           #.....       100%        1    ##.....
 Passwall                 Tmut/Erth      #.......     100%        2    ###....
 Throw Frost              Conj/Ice       #.....       100%        2    ###....
 Ozocubu's Armour         Chrm/Ice       #.......     100%        3    ####...
 Stone Arrow              Conj/Erth      #.....       100%        3    ####...
 Petrify                  Tmut/Erth      #.......     100%        4    #####..
 Summon Ice Beast         Ice/Summ       #.......     100%        4    #####..
 Throw Icicle             Conj/Ice       #.......     100%        4    #####..
 Lee's Rapid Deconstruct  Erth           #.........   100%        5    ######.


Dungeon Overview and Level Annotations

Branches:
Dungeon (11/15)            Temple (0/1) D:6
   Lair: D:8-11         Orc: D:9-12

Altars:
Cheibriados
Fedhas
Gozag
Kikubaaqudgha
Nemelex Xobeh
Okawaru
Qazlal
Sif Muna
Xom
Yredelemnul
Beogh

Shops:
D:6 *   D:7 (   D:10 *((


Innate Abilities, Weirdness & Mutations

You are resistant to torment.
Your stone body is resilient. (AC +8)
You are immune to poison.
You resist negative energy. (rN+)
You are resistant to electric shocks. (rElec)
You can survive without breathing.
You are immune to petrification.
You are immune to rotting.


Message History

You are too injured to fight recklessly!
You are too injured to fight recklessly!
You are too injured to fight recklessly!
You hit the cyclops.
The cyclops is moderately wounded.
You thump the cyclops!
The cyclops is heavily wounded.
The cyclops hits you but does no damage.
You sock the cyclops!
The cyclops is severely wounded.
You hit the cyclops.
The cyclops is severely wounded.
The cyclops hits you!!
* * * LOW HITPOINT WARNING * * *
You hit the cyclops.
The cyclops is severely wounded.
You hit the cyclops.
The cyclops is almost dead.
The cyclops hits you!!
You die...

.........# ..
.........# ...
.........#######...
...................
..............#
#........###..#
#........# #..#
#......C.# #..#
#.....)@.# #oO#
#......([# #..#
#.......<# #(.#
#.(......# #.C# #
#....>...###).###.(.#
...........(.(......#
≈≈≈≈≈≈≈≈≈≈≈≈≈≈≈≈≈8..#
≈≈≈≈≈≈≈≈≈≈≈≈≈≈≈≈8≈...
##############'.≈≈o..


You could see a cyclops.

Vanquished Creatures
  Erolcha (D:11)
  A two-headed ogre (D:9)
  The ghost of Democracy123 the Cleaver, a novice MiBe of Trog (D:8)
  Joseph (D:9)
  A komodo dragon (D:10)
  A yaktaur (D:10)
  A troll (D:10)
  A hornet (D:10)
  Grinder (D:4)
  2 hippogriffs
  Sigmund (D:4)
  A vampire (D:10)
  4 wyverns
  A human (D:8)
  3 yaks (D:8)
  4 hogs (D:8)
  Menkaure (D:5)
  5 orc warriors
  An ice beast (D:8)
  3 phantoms
  2 ogres
  3 centaurs
  A big kobold (D:4)
  6 bullfrogs
  A wyvern zombie (D:8)
  2 scorpions
  3 wights (D:10)
  4 howler monkeys
  4 crimson imps
  A bullfrog zombie (D:6)
  A quasit (D:9)
  A centaur zombie (D:6)
  6 hounds
  3 jellies
  Crazy Yiuf (D:6)
  A gnoll shaman (D:4)
  7 orc priests
  3 bullfrog skeletons
  Ijyb (D:3)
  2 iguanas
  7 orc wizards
  7 worker ants
  3 hound skeletons (D:4)
  3 hound zombies
  10 gnolls
  2 howler monkey skeletons
  17 adders
  A shadow imp (D:10)
  An ooze (D:6)
  2 adder skeletons
  6 worms
  4 dart slugs
  7 leopard geckos
  41 orcs
  3 ball pythons
  8 bats
  3 giant cockroaches
  8 goblins
  6 hobgoblins
  18 jackals
  6 quokkas
  A ball python skeleton (D:4)
  2 frilled lizards
  A jackal zombie (D:7)
  6 kobolds
  A leopard gecko skeleton (D:4)
  A quokka zombie (D:5)
  7 rats
270 creatures vanquished.

Notes
Turn   | Place    | Note
-------+----------+-------------------------------------------
     0 | D:1      | Delamore the Gargoyle Gladiator began the quest for the
                  | Orb.
     0 | D:1      | Reached XP level 1. HP: 12/12 MP: 1/1
   202 | D:1      | Reached XP level 2. HP: 17/17 MP: 2/2
   558 | D:1      | Reached skill level 4 in Maces & Flails
   558 | D:1      | Reached XP level 3. HP: 21/21 MP: 3/3
  1368 | D:2      | Reached XP level 4. HP: 21/26 MP: 4/4
  1396 | D:2      | Reached skill level 5 in Maces & Flails
  1610 | D:2      | Found a shimmering altar of Xom.
  2011 | D:3      | Noticed Ijyb
  2037 | D:3      | Killed Ijyb
  2037 | D:3      | Reached XP level 5. HP: 15/30 MP: 5/5
  2512 | D:3      | Found an iron altar of Okawaru.
  2529 | D:3      | Became a worshipper of Warmaster Okawaru
  3056 | D:4      | Noticed a big kobold
  3074 | D:3      | HP: 1/30 [scorpion (6)]
  3075 | D:3      | Reached skill level 6 in Maces & Flails
  3484 | D:4      | Reached XP level 6. HP: 29/35 MP: 6/6
  3529 | D:4      | Reached skill level 7 in Maces & Flails
  3943 | D:4      | Noticed Sigmund
  3952 | D:4      | Killed Sigmund
  3952 | D:4      | Reached * piety under Okawaru
  3952 | D:4      | Reached skill level 8 in Maces & Flails
  3952 | D:4      | Reached XP level 7. HP: 19/40 MP: 7/7
  4228 | D:4      | Noticed Grinder
  4230 | D:4      | Paralysed by Grinder for 7 turns
  4238 | D:4      | Killed Grinder
  4414 | D:4      | Reached skill level 9 in Maces & Flails
  4415 | D:4      | Found an ancient bone altar of Kikubaaqudgha.
  4499 | D:4      | Reached XP level 8. HP: 17/44 MP: 8/8
  4741 | D:4      | Found a basalt altar of Yredelemnul.
  5079 | D:5      | Entered Level 5 of the Dungeon
  5183 | D:5      | Noticed Menkaure
  5190 | D:5      | Killed Menkaure
  5406 | D:5      | Found a blossoming altar of Fedhas.
  5465 | D:5      | Reached skill level 10 in Maces & Flails
  5467 | D:5      | Found a sparkling altar of Nemelex Xobeh.
  5872 | D:6      | Found a snail-covered altar of Cheibriados.
  6061 | D:6      | Reached ** piety under Okawaru
  6188 | D:6      | Found Mureecw's General Store.
  6197 | D:6      | Bought a scroll of identify for 30 gold pieces
  6336 | D:6      | Found a runed translucent door.
  6337 | D:6      | Noticed Crazy Yiuf
  6364 | D:6      | Reached skill level 11 in Maces & Flails
  6403 | D:6      | Reached XP level 9. HP: 46/48 MP: 9/9
  6415 | D:6      | Found a staircase to the Ecumenical Temple.
  6607 | D:6      | Killed Crazy Yiuf
  6855 | D:7      | Reached skill level 12 in Maces & Flails
  6955 | D:7      | Found an opulent altar of Gozag.
  7105 | D:7      | Found Fugihas's Antique Weapon Emporium.
  7330 | D:7      | Reached *** piety under Okawaru
  7516 | D:7      | Found a shimmering blue altar of Sif Muna.
  7682 | D:8      | Reached skill level 13 in Maces & Flails
  7904 | D:8      | Reached **** piety under Okawaru
  7914 | D:8      | Reached XP level 10. HP: 44/53 MP: 10/10
  7979 | D:8      | Identified the +2 hand axe of Meahoxty {freeze, Fragile
                  | MP+9 Dex+5}
  7983 | D:8      | Noticed Democracy123's ghost (novice MiBe)
  8110 | D:8      | Found a runed translucent gate.
  8129 | D:8      | Found a runed translucent gate.
  8129 | D:8      | Found a runed translucent gate.
  8133 | D:8      | Found a roughly hewn altar of Beogh.
  8191 | D:8      | Reached skill level 14 in Maces & Flails
  8404 | D:8      | Reached ***** piety under Okawaru
  8588 | D:8      | Killed Democracy123's ghost
  8588 | D:8      | Received a gift from Okawaru
  8597 | D:8      | Reached skill level 15 in Maces & Flails
  8665 | D:8      | Got a pair of ancient gloves
  8671 | D:8      | Identified the cursed -1 pair of gloves "Esipp" {Str+2
                  | Int+2} (You found it on level 8 of the Dungeon)
  8737 | D:9      | Noticed a two-headed ogre
  8743 | D:9      | Noticed Joseph
  8751 | D:9      | Killed a two-headed ogre
  8762 | D:9      | Killed Joseph
  9013 | D:9      | Found a stormy altar of Qazlal.
  9034 | D:9      | Reached XP level 11. HP: 57/57 MP: 11/11
  9472 | D:10     | Entered Level 10 of the Dungeon
  9633 | D:10     | Found Ilugyg's Antique Weapon Shoppe.
  9884 | D:10     | Found Togan Raa's General Store.
  9889 | D:10     | Bought a potion of might for 64 gold pieces
  9889 | D:10     | Bought a scroll of remove curse for 48 gold pieces
  9906 | D:10     | Reached skill level 16 in Maces & Flails
  9942 | D:10     | Found Guitae's Antique Weapon Shoppe.
 10155 | D:10     | Received a gift from Okawaru
 10496 | D:11     | Noticed a cyclops
 10500 | D:11     | Noticed Erolcha
 10504 | D:11     | Paralysed by Erolcha for 4 turns
 10721 | D:11     | Killed Erolcha
 10730 | D:11     | Mangled by a cyclops

Levels and vault maps discovered:
D:1:      lightli_molten_gateway, layout_loops_ring
D:2:      layout_basic, overflow_temple_1_default, minmay_misc_feat_room
D:3:      layout_basic, lemuel_crystal_altar, uniq_ijyb
D:4:      layout_basic, lemuel_doored_altar, nicolae_overflow_hidden_temple,
          uniq_grinder, uniq_sigmund
D:5:      layout_loops_ring, marbit_many_paths, fedhas_altar_2, first_ration,
          uniq_menkaure
D:6:      layout_basic, kennysheep_slug_shrine,
          minmay_temple_entry_glassed_door, serial_shops, nicolae_shop_crystal,
          uniq_crazy_yiuf_cottage
D:7:      layout_rooms, kennysheep_mini, led_sif_pool, serial_shops, shop
D:8:      layout_loops_ring, biasface_ghost_orc_armoury, grunt_livestock
D:9:      layout_long_grid, nicolae_qazlal_style_of_elements,
          chequers_serial_rivers_small_a, uniq_joseph
D:10:     minmay_chambers_of_sevens, layout_irregular_city, serial_shops,
          kennysheep_little_box, nicolae_shop_statue_plus, nicolae_shop_stone,
          serial_bayou_pond_e
D:11:     layout_small_grid, dpeg_lair_monsters, erik_orc_2,
          kennysheep_generic_room_12, uniq_erolcha

Skill      XL: |  1  2  3  4  5  6  7  8  9 10 11 |
---------------+----------------------------------+-----
Maces & Flails | 4 5 6 8 9 11 13 15 16 | 16.8
Fighting       | |  2.2
Throwing       | |  1.7
Dodging        | |  2.4

Action                   |  1- 3 |  4- 6 |  7- 9 | 10-12 || total
-------------------------+-------+-------+-------+-------++-------
Melee: Flail             |   143 |   223 |   373 |   140 ||   879
       Morningstar       |       |       |       |   186 ||   186
  Use: Scroll            |       |       |    16 |     2 ||    18
       Potion            |       |       |       |     1 ||     1
  Eat: Chunk             |     2 |     8 |    13 |     9 ||    32
Armor: Leather armour    |    67 |   102 |   125 |       ||   294
       Plate armour      |       |       |    70 |   175 ||   245
Dodge: Dodged            |   100 |   135 |   157 |    85 ||   477
